 Dungeon Crawl Stone Soup version 0.29-a0-872-g797fff5ad1 (webtiles) character file.

Game seed: 17647545722835415907

60 clackabat the Chopper (level 3, -3/34 HPs)
             Began as a Minotaur Monk on July 19, 2022.
             Slain by a gnoll
             ... wielding a +4 flail
             ... led by a gnoll sergeant
              (14 damage)
             ... on level 2 of the Dungeon.
             The game lasted 00:02:26 (2490 turns).

clackabat the Chopper (Minotaur Monk)               Turns: 2490, Time: 00:02:27

Health: -3/34      AC:  3    Str: 15    XL:     3   Next: 82%
Magic:  2/2        EV: 12    Int:  9    God:
Gold:   134        SH:  0    Dex: 12    Spells: 2/2 levels left

rFire   . . .      SeeInvis .   a - +0 hand axe
rCold   . . .      Faith    .   (no shield)
rNeg    . . .      Spirit   .   h - +0 leather armour
rPois   .          Reflect  .   (helmet restricted)
rElec   .          Harm     .   (no cloak)
rCorr   .          Rampage  .   (no gloves)
Will    .....                   (no boots)
Stlth   +.........              (no amulet)
HPRegen 0.11/turn               (no ring)
MPRegen 0.08/turn               (no ring)

@: no status effects
A: horns 2, retaliatory headbutt
a: no special abilities


You were on level 2 of the Dungeon.
You visited 1 branch of the dungeon, and saw 3 of its levels.

You collected 134 gold pieces.

Inventory:

Hand Weapons
 a - a +0 hand axe (weapon)
Missiles
 o - 4 boomerangs of dispersal (quivered)
Armour
 b - a +0 robe
 h - a +0 leather armour (worn)
Jewellery
 p - an amulet of reflection
Scrolls
 e - a scroll of fear {unknown}
 f - 3 scrolls of identify {unknown}
 i - a scroll of brand weapon {unknown}
 j - 2 scrolls of teleportation {unknown}
 k - a scroll of enchant armour {unknown}
 m - a scroll of noise {unknown}
 n - a scroll of immolation {unknown}
Potions
 c - a potion of ambrosia
 d - a potion of berserk rage {unknown}
 g - a potion of brilliance {unknown}
 l - a potion of lignification {unknown}


   Skills:
 + Level 4.4 Fighting
 * Level 5.2 Axes
 - Level 3.2 Dodging
 - Level 1.5 Stealth


You had 2 spell levels left.
You didn't know any spells.
Your spell library was empty.

Dungeon Overview and Level Annotations

Branches:
Dungeon (3/15)

Altars:


Innate Abilities, Weirdness & Mutations

You have a pair of horns on your head.
You reflexively headbutt those who attack you in melee.


Message History

A gnoll comes into view. It is wielding a +0 whip.
The gnoll shouts! x2
The gnoll hits you with a +0 spear. The gnoll hits you but does no damage.
There is a stone staircase leading up here.
The gnoll hits you but does no damage.
There is a stone staircase leading up here.
You climb upwards.
There is a stone staircase leading down here.
You hit the gnoll. Your headbutt misses the gnoll.
The gnoll is lightly wounded.
The gnoll barely misses you.
You hit the gnoll.
The gnoll is moderately wounded.
The gnoll hits you with a +0 spear.
You hit the gnoll but do no damage.
The gnoll is moderately wounded.
The gnoll hits you with a +0 spear.
You closely miss the gnoll. You headbutt the gnoll.
The gnoll is moderately wounded.
The gnoll barely misses you. You furiously retaliate!
You headbutt the gnoll!
You kill the gnoll!
No target in view!
No target in view!
You start resting.
HP restored.
You climb downwards.
The gnoll closely misses you. x2
The gnoll hits you from afar with a +0 halberd.
There is a stone staircase leading up here.
The gnoll sergeant hits you from afar with a +4 trident of pain.
The gnoll barely misses you. The gnoll hits you with a +0 whip.
The gnoll hits you from afar with a +0 halberd.
You climb upwards.
There is a stone staircase leading down here.
You closely miss the gnoll. You hit the gnoll but do no damage.
The gnoll hits you with a +0 whip. The gnoll misses you.
You hit the gnoll but do no damage. Your headbutt misses the gnoll.
You hit the gnoll but do no damage. The gnoll hits you with a +0 whip!
The gnoll hits you with a +4 flail!
You die...

#####################
#..g@)...............
#.##g.[..............
#.########.###.######
#.# #.# #...# #.# #.#
###.#### #.# ###.#
#.....#. #.######...#
#.#.#.#. #........###
#...#.#.
#####.##.#########.#.


You could see 2 gnolls.

Vanquished Creatures
  An adder (D:2)
  A gnoll (D:2)
  A worm (D:1)
  A dart slug (D:2)
  An orc (D:3)
  3 endoplasms
  5 goblins
  5 hobgoblins
  3 jackals (D:2)
  2 kobolds (D:1)
  A quokka (D:2)
  2 ball pythons (D:2)
  2 frilled lizards
  4 rats
32 creatures vanquished.

Notes
Turn   | Place    | Note
-------+----------+-------------------------------------------
     0 | D:1      | clackabat the Minotaur Monk began the quest for the Orb.
     0 | D:1      | Reached XP level 1. HP: 19/19 MP: 0/0
   226 | D:1      | Reached skill level 4 in Axes
   236 | D:1      | Reached XP level 2. HP: 23/27 MP: 1/1
   718 | D:1      | Found a faded altar of an unknown god.
  1245 | D:2      | Reached XP level 3. HP: 17/33 MP: 2/2
  1766 | D:2      | Reached skill level 5 in Axes
  2367 | D:3      | Noticed a gnoll sergeant
  2490 | D:2      | Slain by a gnoll

Illustrated notes

Levels and vault maps discovered:
D:1:      lemuel_arrival_tunnels, layout_loops_ring, basic_ecumenical_altar,
          nicolae_wormholes
D:2:      layout_basic
D:3:      layout_basic

Skill      XL: |  1  2  3 |
---------------+----------+-----
Axes           | 4 5 |  5.2
Fighting       | 4 |  4.4
Dodging        | |  3.2
Stealth        | |  1.5

Action                   || total
-------------------------++-------
Melee: Hand axe          ||    77
       Headbutt          ||    13
 Stab: Sleeping          ||     3
Armor: Robe              ||     1
       Leather armour    ||     7
Dodge: Dodged            ||    50

Table legend: (Time is in decaauts)
 A = Elapsed time spent in this place.
 B = Non-inter-level travel time spent in this place.
 C = Inter-level travel time spent in this place.
 D = Time resting spent in this place.
 E = Time spent auto-exploring this place.
 F = Levels seen in this place.
 G = Mean time per level.
                   A        B        C        D        E       F      G
               +--------+--------+--------+--------+--------+-----+--------+
         Total |   2497 |   2359 |    138 |    337 |   1757 |   3 |  832.3 |
       Dungeon |   2497 |   2359 |    138 |    337 |   1757 |   3 |  832.3 |
               +--------+--------+--------+--------+--------+-----+--------+

Top non-repeatable levels by time:
     D:2: 1326 daAuts
     D:1: 912 daAuts
     D:3: 258 daAuts
